 Dungeon Crawl Stone Soup version 0.25.1-2-g60ff931df9 (webtiles) character file.

Game seed: 792633559971077119

9 DildoBatman the Magician (level 2, -1/19 HPs)
             Began as a Formicid Wizard on Sept 3, 2020.
             Slain by a hobgoblin (2 damage)
             ... on level 1 of the Dungeon.
             The game lasted 00:01:26 (281 turns).

DildoBatman the Magician (Formicid Wizard)           Turns: 281, Time: 00:01:27

Health: -1/19      AC:  2    Str: 11    XL:     2   Next: 20%
Magic:  0/6        EV: 12    Int: 17    God:
Gold:   0          SH:  0    Dex:  9    Spells: 6/7 levels left

rFire    . . .     SeeInvis +   b - +0 dagger
rCold    . . .     Gourm    .   (no shield)
rNeg     . . .     Faith    .   a - +0 robe
rPois    .         Spirit   .   (helmet unavailable)
rElec    .         Reflect  .   (no cloak)
rCorr    .         Harm     .   (no gloves)
MR       .....                  (no boots)
Stlth    ++........             (no amulet)
HPRegen  0.06/turn              (no ring)
MPRegen  0.10/turn              (no ring)

@: no status effects
A: permanent stasis, dig shafts and tunnels, four strong arms, antennae 3
a: Dig, Shaft Self


You were on level 1 of the Dungeon.
You were not hungry.

You visited 1 branch of the dungeon, and saw 1 of its levels.

Inventory:

Hand Weapons
 b - a +0 dagger (weapon)
Armour
 a - a +0 robe (worn)
Comestibles
 v - a ration


   Skills:
 - Level 1.7 Dodging
 - Level 2.4 Stealth
 - Level 3.2 Spellcasting
 * Level 1.9 Conjurations
   Level 1.0 Summonings
   Level 0.8 Translocations


You had 6 spell levels left.
You knew the following spells:

 Your Spells              Type           Power        Failure   Level  Hunger
c - Magic Dart            Conj           #...         8%          1    None

Your spell library contained the following spells:

 Spells                   Type           Power        Failure   Level  Hunger
 Call Imp                 Summ           #.......     17%         2    ##.....
 Slow                     Hex            #.......     26%         2    ##.....
 Conjure Flame            Conj/Fire      #.......     34%         3    ###....
 Mephitic Cloud           Conj/Pois/Air  #.......     36%         3    ###....
 Blink                    Tloc           Unusable     N/A         2    N/A

Dungeon Overview and Level Annotations

Branches:
Dungeon (1/15)

Altars:


Innate Abilities, Weirdness & Mutations

You cannot be hasted, slowed, berserked, paralysed or teleported.
You can dig through walls and to a lower floor.
Your four strong arms can wield two-handed weapons with a shield.
You have a pair of large antennae on your head. (SInv)


Message History

The magic dart hits the hobgoblin but does no damage.
The hobgoblin is heavily wounded.
The hobgoblin hits you.
Casting: Magic Dart (safe; 8% risk of failure)
Confirm with . or Enter, or press ? or * to list all spells.
Aiming: Magic Dart (safe; 8% risk of failure)
Press: ? - help, Shift-Dir - straight line, f/p - hobgoblin
Aim: a hobgoblin, wearing a +0 ring mail (heavily wounded)
The magic dart hits the hobgoblin but does no damage.
The hobgoblin is heavily wounded.
The hobgoblin misses you.
Casting: Magic Dart (safe; 8% risk of failure)
Confirm with . or Enter, or press ? or * to list all spells.
Aiming: Magic Dart (safe; 8% risk of failure)
Press: ? - help, Shift-Dir - straight line, f/p - hobgoblin
Aim: a hobgoblin, wearing a +0 ring mail (heavily wounded)
The magic dart hits the hobgoblin but does no damage.
The hobgoblin is heavily wounded.
The hobgoblin hits you.
You die...

#..⌠..........#
#..........)..#
#...><.∩......#
#...........###
#..⌠.......#.#
##..........#.#
#.#......####.#
#.########...##
##....gg@.####
##########


You could see 2 hobgoblins.

Vanquished Creatures
  An ooze (D:1)
  2 goblins (D:1)
  A hobgoblin (D:1)
4 creatures vanquished.

Notes
Turn   | Place    | Note
-------+----------+-------------------------------------------
     0 | D:1      | DildoBatman the Formicid Wizard began the quest for the
                  | Orb.
     0 | D:1      | Reached XP level 1. HP: 13/13 MP: 4/4
     5 | D:1      | Reached skill level 1 in Conjurations
    92 | D:1      | Reached XP level 2. HP: 19/19 MP: 0/6
   281 | D:1      | Slain by a hobgoblin

Illustrated notes

Levels and vault maps discovered:
D:1:      wander_arrival_desolate, layout_basic, chequers_serial_rivers_micro_b

Skill      XL: |  1 |
---------------+----+-----
Conjurations   | 1 |  1.9
Dodging        | |  1.7
Stealth        | |  2.4
Spellcasting   | |  3.2
Summonings     | |  1.0
Translocations | |  0.8

Action                   || total
-------------------------++-------
Melee: Dagger            ||    19
 Cast: Magic Dart        ||    30
 Abil: Dig               ||     1
Armor: Robe              ||     2
Dodge: Dodged            ||    25
